Map: 2000 атмосфер РВ

Players

Singo - Winner!

  • Race: Zerg Zerg
  • League: Diamond

Kantara

  • Race: Protoss Protoss
  • League: Master

VOD

Have the link to the VOD?

Description

Time

  • Played on: Aug. 24, 2021, 2 p.m.
  • Length: 17:31
Show
View Real Time Build Order
Export as new Build Order

Singo Zerg - Winner!

Build Orders: Hatch First 

Get SALT Encoding   

  12  0:00  Drone  
  13  0:12  Overlord  
  13  0:16  Drone  
  14  0:30  Drone x2  
  16  0:47  Hatchery  
  15  0:51  Drone  
  15  0:55  Drone  
  17  0:59  Drone  
  18  1:10  Extractor  
  17  1:15  Spawning Pool  
  17  1:18  Drone  
  17  1:22  Drone  
  18  1:29  Drone  
  19  1:38  Drone  
  20  1:49  Drone  
  21  2:02  Queen x2  
  21  2:03  Zergling x4  
  27  2:17  Hatchery  
  27  2:21  Overlord  
  26  2:28  Drone  
  27  2:32  Metabolic Boost  
  27  2:33  Drone  
  28  2:42  Queen  
  30  2:47  Queen  
  30  2:51  Drone  
  33  2:53  Drone  
  33  2:56  Drone  
  35  3:00  Overlord  
  35  3:05  Overlord  
  35  3:08  Drone  
  36  3:22  Drone x4  
  36  3:23  Drone x2  
  41  3:28  Queen  
  41  3:31  Drone  
  44  3:35  Overlord  
  44  3:38  Drone x2  
  47  3:41  Drone  
  47  3:43  Drone  
  47  3:47  Drone  
  47  3:48  Drone  
  50  3:50  Drone x2  
  50  3:55  Queen  
  54  3:57  Drone  
  54  4:02  Overlord  
  55  4:04  Drone x2  
  57  4:12  Overlord  
  57  4:20  Drone  
  57  4:21  Drone x5  
  63  4:28  Drone  
  63  4:29  Drone  
  63  4:30  Hatchery  
  64  4:33  Drone  
  64  4:34  Drone  
  64  4:36  Drone  
  64  4:37  Extractor  
  66  4:39  Drone x2  
  66  4:45  Lair  
  68  4:46  Roach Warren  
  68  4:49  Drone x3  
  68  4:50  Extractor  
  69  4:53  Extractor, Drone x3  
  71  5:03  Drone x2  
  71  5:04  Extractor x2, Drone x2  
  73  5:09  Overlord x4  
  73  5:19  Overlord x2  
  73  5:33  Evolution Chamber x2, Drone x3  
  73  5:34  Hatchery  
  73  5:36  Pneumatized Carapace  
  73  5:42  Overseer  
  72  5:44  Drone x4  
  72  5:46  Drone  
  72  5:47  Drone x6  
  83  5:51  Overlord x2  
  83  5:52  Overlord  
  83  5:56  Spire  
  83  5:57  Glial Reconstitution  
  82  6:00  Zergling x4  
  82  6:01  Zergling x2  
  82  6:03  Overseer  
  85  6:17  Drone  
  85  6:18  Drone x12  
  98  6:22  Zerg Ground Armor Level 1  
  98  6:24  Overlord  
  95  6:42  Overlord x3  
  90  6:56  Overlord  
  85  7:04  Queen x4  
  85  7:05  Queen  
  85  7:07  Corruptor x6  
  85  7:08  Corruptor x2  
  107  7:09  Corruptor  
  109  7:24  Corruptor  
  109  7:25  Corruptor x2  
  113  7:32  Corruptor x2  
  116  7:39  Corruptor  
  118  7:48  Drone  
  118  7:49  Drone x12  
  131  7:53  Extractor, Drone  
  131  7:54  Extractor  
  131  7:56  Zerg Flyer Armor Level 1  
  131  7:58  Drone  
  131  8:01  Drone  
  131  8:02  Drone x3  
  135  8:06  Extractor  
  135  8:08  Extractor  
  133  8:14  Drone x3  
  133  8:15  Drone x2  
  138  8:24  Zergling x22  
  138  8:25  Zergling x2  
  138  8:26  Overlord  
  138  8:27  Overlord x2  
  150  8:47  Zergling x8  
  150  8:48  Zergling x14  
  160  9:05  Corruptor  
  160  9:06  Corruptor x7  
  163  9:18  Infestation Pit  
  163  9:20  Drone x2  
  163  9:21  Drone  
  163  9:24  Drone  
  165  9:31  Hatchery  
  165  9:32  Corruptor  
  165  9:33  Corruptor x4  
  165  9:35  Overlord x6  
  172  9:48  Corruptor  
  172  9:52  Corruptor  
  161  9:53  Corruptor x10  
  161  9:59  Zerg Flyer Weapons Level 1  
  182  10:09  Zergling x14  
  189  10:14  Hatchery  
  189  10:17  Zergling x8  
  192  10:21  Zerg Melee Weapons Level 1  
  192  10:27  Zergling x2  
  192  10:28  Zergling x8  
  197  10:30  Overseer  
  192  10:45  Corruptor  
  192  10:46  Corruptor x5  
  198  10:54  Zergling x2  
  198  10:55  Zergling x4  
  199  11:17  Hive  
  197  11:38  Hatchery  
  192  11:43  Zergling x2  
  192  11:44  Zergling x18  
  192  11:53  Zerg Flyer Armor Level 2  
  174  11:54  Corruptor x6  
  174  11:55  Corruptor x10  
  186  12:08  Zergling x2  
  186  12:09  Zergling x26  
  200  12:15  Zerg Melee Weapons Level 2  
  189  12:54  Hatchery  
  189  12:57  Zergling x26  
  188  13:19  Zergling x2  
  187  13:20  Zergling x26  
  192  13:42  Evolution Chamber  
  192  13:44  Zergling x2  
  192  13:45  Zergling x26  
  198  13:54  Ultralisk Cavern  
  197  14:09  Roach  
  199  14:12  Zerg Ground Armor Level 2  
  199  14:20  Greater Spire  
  199  14:23  Baneling Nest  
  196  14:39  Roach  
  196  14:40  Roach  
  196  14:44  Zerg Melee Weapons Level 3  
  196  14:45  Adrenal Glands  
  196  14:47  Anabolic Synthesis  
  188  14:58  Corruptor  
  190  15:01  Ultralisk  
  190  15:06  Centrifugal Hooks  
  196  15:08  Baneling  
  196  15:10  Baneling x2  
  196  15:11  Baneling x19  
  196  15:29  Chitinous Plating  
  178  15:55  Zergling x16  
  178  15:56  Zergling x28  
  198  16:04  Brood Lord  
  200  16:21  Extractor  
  200  16:22  Extractor  
  198  16:30  Brood Lord  
  198  16:31  Brood Lord  
  198  16:32  Brood Lord x2  
  196  16:33  Brood Lord x2  
  195  16:44  Spore Crawler, Roach  
  195  16:45  Spore Crawler x2, Roach x6  
  195  16:49  Roach x3  
Show
View Real Time Build Order
Export as new Build Order

Kantara Protoss 

Build Orders: Carriers, Carrier Rush 

Get SALT Encoding   

  12  0:00  Probe  
  13  0:12  Probe  
  14  0:18  Pylon  
  14  0:24  Probe (Chrono Boost)  
  15  0:38  Probe (Chrono Boost)  
  15  0:40  Gateway  
  16  0:44  Probe (Chrono Boost)  
  16  0:48  Assimilator  
  17  0:54  Probe  
  18  0:58  Assimilator  
  18  1:06  Probe  
  19  1:18  Probe  
  20  1:30  Probe  
  20  1:31  Cybernetics Core  
  21  1:46  Nexus  
  21  1:51  Probe  
  22  1:56  Pylon  
  22  2:03  Probe  
  23  2:14  Stalker  
  25  2:16  Probe (Chrono Boost)  
  25  2:21  Stargate  
  26  2:28  Shield Battery  
  26  2:29  Probe (Chrono Boost)  
  27  2:39  Probe (Chrono Boost)  
  28  2:48  Probe (Chrono Boost)  
  31  2:52  Forge  
  31  2:57  Probe (Chrono Boost)  
  30  2:58  Adept  
  30  2:59  Probe (Chrono Boost)  
  30  3:02  Void Ray  
  33  3:12  Probe x2 (Chrono Boost)  
  39  3:20  Assimilator  
  39  3:23  Probe  
  40  3:27  Pylon  
  40  3:31  Adept  
  40  3:33  Assimilator  
  40  3:34  Probe (Chrono Boost)  
  44  3:42  Probe (Chrono Boost)  
  44  3:46  Probe (Chrono Boost)  
  45  3:51  Probe (Chrono Boost)  
  45  3:52  Probe (Chrono Boost)  
  47  3:59  Stargate  
  47  4:01  Probe  
  48  4:03  Fleet Beacon  
  48  4:09  Probe (Chrono Boost)  
  49  4:13  Probe (Chrono Boost)  
  50  4:21  Pylon  
  50  4:24  Probe x2 (Chrono Boost)  
  52  4:26  Protoss Air Weapons Level 1 (Chrono Boost)  
  52  4:31  Pylon, Probe x2  
  54  4:46  Carrier (Chrono Boost)  
  54  4:50  Carrier (Chrono Boost)  
  60  4:57  Pylon  
  66  5:02  Probe (Chrono Boost)  
  68  5:07  Probe (Chrono Boost)  
  69  5:15  Nexus  
  69  5:16  Probe (Chrono Boost)  
  69  5:17  Probe (Chrono Boost)  
  69  5:20  Pylon  
  70  5:29  Probe x2  
  72  5:41  Probe  
  72  5:42  Probe  
  74  5:46  Photon Cannon  
  74  5:47  Carrier  
  80  5:54  Carrier  
  86  6:02  Shield Battery  
  86  6:06  Assimilator  
  86  6:10  Assimilator, Pylon  
  86  6:24  Protoss Air Weapons Level 2 (Chrono Boost)  
  86  6:26  Probe x2  
  88  6:53  Carrier (Chrono Boost), Probe x2  
  96  7:16  Probe x3  
  96  7:19  Carrier (Chrono Boost)  
  105  7:28  Probe  
  102  7:45  Void Ray (Chrono Boost)  
  106  7:53  Photon Cannon  
  106  7:55  Photon Cannon x3  
  106  7:56  Shield Battery x2  
  106  7:58  Stargate  
  106  8:08  Probe  
  106  8:09  Probe x2  
  109  8:20  Nexus, Pylon  
  109  8:22  Pylon x2  
  109  8:24  Pylon  
  109  8:26  Photon Cannon  
  109  8:27  Photon Cannon  
  109  8:30  Photon Cannon  
  109  8:32  Void Ray  
  109  8:34  Pylon, Void Ray  
  109  8:36  Pylon  
  109  8:37  Twilight Council  
  109  8:38  Pylon, Probe x2  
  119  8:42  Cybernetics Core  
  119  8:47  Void Ray  
  123  9:08  Nexus  
  123  9:09  Photon Cannon  
  120  9:11  Void Ray  
  120  9:16  Carrier  
  126  9:21  Templar Archives  
  126  9:24  Void Ray  
  130  9:26  Probe x3  
  137  9:35  Protoss Air Weapons Level 3 (Chrono Boost)  
  137  9:36  Photon Cannon  
  138  9:38  Probe x2  
  138  9:40  Nexus  
  135  9:55  Void Ray  
  135  10:05  Shield Battery  
  139  10:07  Photon Cannon  
  139  10:09  Photon Cannon  
  139  10:10  Warp Gate (Chrono Boost)  
  139  10:12  Void Ray  
  139  10:14  Gateway x2  
  139  10:16  Probe x2  
  145  10:24  Psionic Storm  
  145  10:26  Pylon  
  145  10:44  Carrier x2  
  145  10:48  Pylon  
  157  10:50  Pylon  
  157  10:56  Flux Vanes  
  157  11:02  Nexus  
  157  11:12  Assimilator x2  
  157  11:16  Photon Cannon x2  
  157  11:17  Pylon  
  157  11:20  Pylon  
  157  11:48  Nexus  
  125  12:00  High Templar x3  
  101  12:11  Archon  
  101  12:19  Void Ray x3 (Chrono Boost)  
  113  12:35  High Templar x3  
  117  12:41  Archon  
  117  12:51  Probe x2  
  117  12:58  Protoss Air Armor Level 1 (Chrono Boost)  
  91  13:23  Nexus  
  91  13:27  Carrier (Chrono Boost)  
  91  13:28  High Templar x3  
  109  13:37  Carrier (Chrono Boost)  
  109  13:45  Archon  
  109  13:53  Robotics Facility  
  111  14:00  Carrier (Chrono Boost)  
  111  14:11  Photon Cannon  
  111  14:12  Photon Cannon  
  111  14:14  Photon Cannon  
  111  14:15  Photon Cannon  
  111  14:17  Photon Cannon  
  111  14:18  Photon Cannon, Zealot x3  
  111  14:19  Photon Cannon  
  111  14:20  Shield Battery  
  111  14:21  Carrier (Chrono Boost)  
  123  14:39  Zealot x3  
  123  14:46  Carrier (Chrono Boost)  
  123  14:47  Charge  
  129  14:57  Observer  
  130  15:30  Nexus  
  130  15:33  High Templar x3  
  136  15:41  Nexus  
  106  15:59  Carrier (Chrono Boost)  
  106  16:00  Carrier (Chrono Boost)  
  118  16:11  Probe x2  
  118  16:14  High Templar x3  
  126  16:23  Pylon  
  126  16:24  Assimilator, Pylon  
  126  16:25  Assimilator, Archon  
  126  16:26  Archon  
  124  16:52  Stargate  
  124  16:54  Stargate  
  124  16:56  Dark Shrine  
  124  16:57  Gateway  
  124  16:58  Gateway  
  124  17:00  Stalker  
  124  17:01  Stalker x2  
Tags
 
Add a new tag
Caveats
  • Supply blocks, unpowered buildings, or Contaminate may cause inaccurate times.
  • Supply counts are checked every 10 seconds.